 Dungeon Crawl Stone Soup version 0.30.1-9-gdf580d7c3d (webtiles) character file.

Game seed: 17363518604202409500

39 Ninjinzu the Trooper (level 3, -4/29 HPs)
             Began as a Demonspawn Chaos Knight on Sept 25, 2023.
             Was a Plaything of Xom.
             Slain by Sigmund
             ... wielding a +3 scythe of distortion
              (5 damage)
             ... on level 2 of the Dungeon.
             The game lasted 00:05:15 (737 turns).

Ninjinzu the Trooper (Demonspawn Chaos Knight)       Turns: 737, Time: 00:05:16

Health: -4/29      AC:  5    Str: 14    XL:     3   Next: 26%
Magic:  3/3        EV: 11    Int: 13    God:    Xom [*.....]
Gold:   84         SH:  0    Dex: 12    Spells: 2/2 levels left

rFire   . . .        a - +0 falchion (chaos)
rCold   . . .        (no shield)
rNeg    . . .        b - +2 leather armour
rPois   .            (helmet restricted)
rElec   .            (no cloak)
rCorr   .            (no gloves)
SInv    .            (no boots)
Will    .....        (no amulet)
Stlth   +            (no ring)
HPRegen 0.24/turn    (no ring)
MPRegen 0.08/turn

%: no passive effects
@: no status effects
A: antennae 1, spiny 1
a: Renounce Religion


You were on level 2 of the Dungeon.
You worshipped Xom.
You were a special plaything of Xom.
You visited 1 branch of the dungeon, and saw 2 of its levels.

You collected 84 gold pieces.

Inventory:

Hand Weapons
 a - a +0 falchion of chaos (weapon)
Armour
 b - a +2 leather armour (worn)
Scrolls
 d - 2 scrolls of identify {unknown}
 g - a scroll of vulnerability {unknown}
 h - a scroll of magic mapping {unknown}
Potions
 e - 2 potions of curing {unknown}
 f - 3 potions of degeneration {unknown}
 i - a potion of attraction {unknown}
 j - 2 potions of lignification {unknown}
Miscellaneous
 c - a piece from Xom's chessboard (14/15) (quivered)


   Skills:
 + Level 3.5 Fighting
 + Level 3.3 Long Blades
 + Level 2.0 Armour
 + Level 1.2 Dodging


You had 2 spell levels left.
You didn't know any spells.
Your spell library contained the following spells:

 Spells                   Type           Power      Damage    Failure   Level
 Ensorcelled Hibernation  Hex/Ice        0%         N/A       50%         2
 Passwall                 Tmut/Erth      0%         N/A       50%         2
 Swiftness                Air            0%         N/A       75%         3


Dungeon Overview and Level Annotations

Branches:
Dungeon (2/15)

Altars:

Annotations:
D:2 Sigmund


Innate Abilities, Weirdness & Mutations

You have a pair of small antennae on your head.
You are partially covered in sharp spines.


Message History

Found an escape hatch in the floor.
Your surroundings suddenly seem different.
Found a scroll labelled OFUILO COYCUA.
Your surroundings suddenly seem different.
Your surroundings suddenly seem different.
Your surroundings suddenly seem different.
Sigmund the Dreaded comes into view.
He is wielding a +3 scythe of distortion and wearing a +1 robe of positive energy.
You are now a special plaything of Xom.
The quokka moves out of view.
The hobgoblin moves out of view.
Okay, then.
The helpless Sigmund fails to defend himself.
You hit Sigmund.
Sigmund shouts!
Sigmund suddenly seems more agile.
Sigmund is lightly wounded.
A quokka comes into view.
Sigmund says, "I'm your fate."
Sigmund casts a spell.
Sigmund flickers and vanishes!
Deactivating autopickup; reactivate with Ctrl-A.
You slash something! You burn something. Something hits you but does no damage.
You miss something. Something hits you! Space warps around you.
You hit something.
You feel better. The quokka closely misses you.
Something hits you but does no damage.
You blink.
Found 9 stones.
Found a stone staircase leading up.
You closely miss the quokka.
The quokka twitches its whiskers.
The quokka is struck by your spines.
The quokka bites you but does no damage.
The quokka barely misses you.
You hit the quokka.
You kill the quokka!
You hear some strange, mumbled words.
A puff of flame appears from out of thin air!
The puff of flame hits you!
* * * LOW HITPOINT WARNING * * *
Something hits you!
* * * LOW HITPOINT WARNING * * *
Space warps horribly around you.
You die...

..###########
............#
#...........#
#...........#
#...........#
#...........##
#.........{..#
##########.#.#
#...@# (.
.........<.....
####....#.#.#..
......#... .
....##### ###
.... .## ....
.. #... ..


There were no monsters in sight!

Vanquished Creatures
  2 dart slugs (D:1)
  5 endoplasms (D:1)
  A giant cockroach (D:2)
  3 goblins (D:1)
  2 hobgoblins
  3 quokkas
  6 bats (D:1)
  2 frilled lizards
  4 kobolds
  4 rats (D:1)
  A spectral hobgoblin (D:1)
33 creatures vanquished.

Notes
Turn   | Place    | Note
-------+----------+-------------------------------------------
     0 | D:1      | Ninjinzu the Demonspawn Chaos Knight began the quest for
                  | the Orb.
     0 | D:1      | Reached XP level 1. HP: 18/18 MP: 1/1
   154 | D:1      | Gained mutation: You have a pair of small antennae on your
                  | head. [demonic ancestry]
   154 | D:1      | Reached XP level 2. HP: 23/24 MP: 2/2
   246 | D:1      | Reached skill level 1 in Dodging
   440 | D:1      | Found a faded altar of an unknown god.
   465 | D:1      | XOM: cloud trail
   606 | D:1      | Gained mutation: You are partially covered in sharp spines.
                  | [demonic ancestry]
   606 | D:1      | Reached XP level 3. HP: 27/28 MP: 3/3
   729 | D:2      | Noticed Sigmund
   729 | D:2      | XOM: 6-stop teleportation journey
   737 | D:2      | HP: 1/29 [something (7)]
   737 | D:2      | Slain by Sigmund

Illustrated notes

Levels and vault maps discovered:
D:1:      dpeg_arrival_another_circle, layout_rooms,
          dreamdust_ecumenical_altar_drowned_temple, minmay_crystal_room,
          dk_noncrumbling_3
D:2:      layout_basic, uniq_sigmund

Skill      XL: |  1  2  3 |
---------------+----------+-----
Long Blades    | 3 |  3.3
Dodging        | 1 |  1.2
Armour         | 2 |  2.0
Fighting       | |  3.5

Action                     || total
---------------------------++-------
  Melee: Falchion          ||    80
  Evoke: Piece from Xom's  ||     1
   Stab: Sleeping          ||     1
 Armour: Leather armour    ||    34
  Dodge: Dodged            ||    49
